 Dungeon Crawl Stone Soup version 0.31-a0-542-gdc2a67831c (webtiles) character file.

Game seed: 2702179749772167481

39 GordonOverkill the Sneak (level 3, 0/20 HPs)
             Began as a Vine Stalker Delver on Aug 14, 2023.
             Slain by an iguana (10 damage)
             ... on level 5 of the Dungeon.
             The game lasted 00:01:00 (91 turns).

GordonOverkill the Sneak (Vine Stalker Delver)        Turns: 91, Time: 00:01:01

Health: 0/20       AC:  3    Str: 16    XL:     3   Next: 45%
Magic:  0/4        EV: 11    Int: 10    God:
Gold:   0          SH:  0    Dex: 15    Spells: 2/2 levels left

rFire   . . .        a - +0 mace
rCold   . . .        (no shield)
rNeg    . . .        b - +0 leather armour
rPois   .            (no helmet)
rElec   .            (no cloak)
rCorr   .            (no gloves)
SInv    .            (no boots)
Will    .....        (no amulet)
Stlth   +++          (no ring)
HPRegen 0.23/turn    (no ring)
MPRegen 0.09/turn

%: guardian spirit
@: hasted (expiring), very quick
A: fangs 2, magic shield, antimagic bite, no potion heal 2
a: no special abilities


You were on level 5 of the Dungeon.
You visited 1 branch of the dungeon, and saw 1 of its levels.

Inventory:

Hand Weapons
 a - a +0 mace (weapon)
Armour
 b - a +0 leather armour (worn)
Wands
 g - a wand of digging (3)
Scrolls
 c - a scroll of fog
 e - a scroll of fear


   Skills:
 + Level 3.4 Fighting
 + Level 2.7 Maces & Flails
 - Level 1.5 Dodging
 - Level 6.0 Stealth


You had 2 spell levels left.
You didn't know any spells.
Your spell library was empty.

Dungeon Overview and Level Annotations

Branches:
Dungeon (5/15)             Temple (0/1) D:5

Altars:


Innate Abilities, Weirdness & Mutations

You have extremely sharp teeth.
When hurt, damage is shared between your health and your magic reserves.
Your bite disrupts and absorbs the magic of your enemies.
Potions cannot restore your health.


Message History

You closely miss the hound.
The hound is heavily wounded.
The hound closely misses you.
The hound stops to sniff the ground.
The hound misses you.
You miss the hound. You bite the hound, but do no damage.
The hound is heavily wounded.
The hound barely misses you.
You hit the hound but do no damage.
The hound is heavily wounded.
The hound bites you.
* * * LOW HITPOINT WARNING * * *
You barely miss the hound.
The hound is heavily wounded.
The hound misses you. The hound bites you.
* * * LOW HITPOINT WARNING * * *
You sock the hound!
The hound is almost dead.
The hound bites you.
* * * LOW HITPOINT WARNING * * *
You closely miss the hound. You bite the hound.
You kill the hound!
Your Fighting skill increases to level 3!
You have reached level 2!
You have reached level 3!
Your experience leads to an increase in your attributes!
Increase (S)trength, (I)ntelligence, or (D)exterity?
You feel stronger. x2
You thump the orc!
You kill the orc!
The iguana closely misses you.
You see here a +0 hand axe.
You hit the iguana. You bite the iguana, but do no damage.
The iguana is lightly wounded.
Your extra speed is starting to run out.
You hit the iguana.
The iguana is moderately wounded.
The iguana bites you!
Ouch! That really hurt!
You die...

..#####...###,*,,,*,,,**,,,*
..'.#.......#.#,,***,,,,,*,*
###.#+#...#+#.**,***,>,,*,,**
#.....#...#...**,**,,,,#*,,,*
+.....#####.##***,##,,.#*,,,*
#.....##......,**,.##..***,,*
###.#'##....#*,,,,...*.##*,,*
o.h.#....#########.#....#,,,*
..###.>#.......l@....#,,,,*,*
....#....#############,,,,*,*
..#'#.##.#### ******,*****
..#...##.####********** *,,,,**,*
+###.........,,,,,,,,,***,*,,,,,*
.....######..********,*,,,,*,**,*
.####...####.,* *,*,*,,,,**,* ,*
*,*,,****,* *,*,**,,,**,*
*****,,*,,,,,,* *,*,,,,,,**,*


You could see an iguana.

Vanquished Creatures
  A hound (D:5)
  An ufetubus (D:5)
  An orc (D:5)
3 creatures vanquished.

Notes
Turn   | Place    | Note
-------+----------+-------------------------------------------
     0 | D:5      | GordonOverkill the Vine Stalker Delver began the quest for
                  | the Orb.
     0 | D:5      | Reached XP level 1. HP: 11/11 MP: 2/2
    39 | D:5      | Noticed an orc priest
    48 | D:5      | Noticed an iguana
    51 | D:5      | Noticed a hound
    87 | D:5      | Killed a hound
    88 | D:5      | Reached XP level 2. HP: 8/16 MP: 1/3
    88 | D:5      | Reached XP level 3. HP: 10/20 MP: 1/4
    91 | D:5      | Slain by an iguana

Illustrated notes

Levels and vault maps discovered:
D:5:      nicolae_cairo_tiling_large, layout_basic,
          nicolae_sif_muna_condensation, minmay_temple_entry_wispy,
          enter_ossuary_3

Skill      XL: |  1 |
---------------+----+-----
Maces & Flails | 2 |  2.7
Fighting       | 3 |  3.4
Dodging        | |  1.5
Stealth        | |  6.0

Action                     || total
---------------------------++-------
  Melee: Mace              ||    15
         Bite              ||     4
         Punch             ||     1
    Use: Scroll            ||     1
         Potion            ||     1
 Armour: Leather armour    ||     4
  Dodge: Dodged            ||    10

Table legend: (Time is in decaauts)
 A = Elapsed time spent in this place.
 B = Non-inter-level travel time spent in this place.
 C = Inter-level travel time spent in this place.
 D = Time resting spent in this place.
 E = Time spent auto-exploring this place.
 F = Levels seen in this place.
 G = Mean time per level.
                   A        B        C        D        E       F      G
               +--------+--------+--------+--------+--------+-----+--------+
         Total |     80 |     80 |      0 |     10 |      0 |   1 |   80.0 |
       Dungeon |     80 |     80 |      0 |     10 |      0 |   1 |   80.0 |
               +--------+--------+--------+--------+--------+-----+--------+

Top non-repeatable levels by time:
     D:5: 80 daAuts
